Coyotes vs Canucks

Created - Friday, April 10, 2015 at 00:33

Goals
1 2 3 T
Coyotes 1 1 1 3
Canucks 0 1 1 2
Shots
1 2 3 T
Coyotes 17 12 6 35
Canucks 14 10 5 29

1st period

1. Coyotes , Drayson Bowman 2 (Tom Gilbert, Aaron Palushaj) at 11:48

Penalties :
Mark Borowiecki (Ari) for Tripping (Minor) at 4:51, Niklas Hjalmarsson (Van) for Hooking (Minor) at 8:52, Ryan White (Van) for Holding Stick (Minor) at 15:00

2nd period

2. Canucks , Clarke MacArthur 28 (Colby Robak, Joel Ward) at 5:08
3. Coyotes , Aaron Rome 3 (David Jones, Martin Erat) at 19:23 (PP)

Penalties :
Niklas Hjalmarsson (Van) for Goalie Interference (Minor) at 0:52, Cody Hodgson (Van) for Hooking (Minor) at 13:04, Boyd Gordon (Van) for Holding (Minor) at 19:19, Cody Hodgson (Van) for Cross-checking (Minor) at 19:42

3rd period

4. Coyotes , Jaden Schwartz 40 (Michael Kostka) at 10:57 (PP)
5. Canucks , Jared Cowen 8 (Derick Brassard, Mats Zuccarello) at 17:26 (PP)

Penalties :
Boyd Gordon (Van) for Hooking (Minor) at 9:09, T.J. Brennan (Ari) for Slashing (Double Minor) at 17:04

Goalie Stats

Mike McKenna (Ari), 1 saves from 2 shots - (0.500), W, 5-13-0, 13:25 minutes
Malcolm Subban (Ari), 26 saves from 27 shots - (0.963), 46:35 minutes
Ben Bishop (Van), 19 saves from 21 shots - (0.905), L, 52-9-11, 42:41 minutes
Peter Budaj (Van), 13 saves from 14 shots - (0.929), 16:35 minutes

Players Stats for Coyotes

Player Name              G  A  P  +/- PIM S  H  SB GA TA FO     MP     PP MP  PK MP  
------------------------------------------------------------------------------------
Aaron Palushaj           0  1  1   0  0   0  4  1  0  0  0/0    15:09   0:00   0:00 
Aaron Rome               1  0  1   0  0   1  1  1  0  0  0/0    20:12   4:19   1:20 
David Jones              0  1  1   0  0   4  1  1  1  0  2/4    17:12   6:11   0:00 
Drayson Bowman           1  0  1   0  0   1  1  1  2  1  0/1    15:37   0:00   0:28 
Elias Lindholm           0  0  0   0  0   3  2  0  5  1  4/7    16:17   0:28   0:17 
Eric Nystrom             0  0  0   0  0   0  4  0  0  0  0/1    17:12   6:11   0:00 
Jaden Schwartz           1  0  1   0  0   5  0  0  8  0  0/1    19:07   5:35   3:36 
Mark Borowiecki          0  0  0  -1  2   0  0  0  1  1  0/0    14:54   0:00   0:00 
Markus Granlund          0  0  0   0  0   0  0  0  0  0  0/1     0:49   0:00   0:00 
Martin Erat              0  1  1   0  0   1  0  0  3  0  6/14   18:30   6:11   0:44 
Matt Gilroy              0  0  0  -1  0   0  0  1  1  2  0/0    16:00   0:00   1:27 
Michael Kostka           0  1  1   0  0   0  0  1  0  2  0/0    20:12   4:19   1:20 
Mike Richards            0  0  0   0  0   1  1  0  1  0  9/16   23:54   5:07   2:51 
Pierre-Marc Bouchard     0  0  0   0  0   1  0  0  3  0  0/0     7:12   0:00   0:00 
Rich Peverley            0  0  0   0  0   7  0  2  0  0  1/1    15:53   5:35   0:44 
Stephen Weiss            0  0  0   0  0   2  1  0  0  0  0/2     7:12   0:00   0:00 
T.J. Brennan             0  0  0   1  4   4  2  0  0  1  0/0    24:19   7:27   1:33 
Tom Gilbert              0  1  1   1  0   5  1  2  2  1  0/0    25:47   7:27   3:00 

Players Stats for Canucks

Player Name              G  A  P  +/- PIM S  H  SB GA TA FO     MP     PP MP  PK MP  
------------------------------------------------------------------------------------
Andrei Markov            0  0  0  -1  0   3  1  3  1  3  0/0    26:18   2:11   7:08 
Boyd Gordon              0  0  0   0  4   0  1  0  0  1  7/11   15:49   0:00   7:42 
Brendan Gallagher        0  0  0   0  0   1  0  0  2  0  0/0     6:17   0:00   0:00 
Casey Cizikas            0  0  0   0  0   0  1  1  0  0  1/1    15:17   0:00   9:09 
Christopher Tanev        0  0  0   0  0   0  0  1  0  0  0/0    17:43   0:00   4:38 
Clarke MacArthur         1  0  1   0  0   7  1  0  1  1  2/3    18:25   1:54   0:09 
Cody Hodgson             0  0  0   0  4   1  1  0  1  0  6/11   15:02   2:26   0:00 
Colby Robak              0  1  1   1  0   1  2  0  0  0  0/0    13:28   0:00   0:00 
Derick Brassard          0  1  1   0  0   3  6  0  3  0  1/3    16:26   2:26   1:09 
Jared Cowen              1  0  1   0  0   2  1  0  0  4  0/0    22:54   2:11   7:08 
Joel Ward                0  1  1   0  0   3  1  0  0  0  0/1    18:52   1:54   0:36 
Mats Zuccarello          0  1  1   0  0   2  0  1  3  0  0/0    15:17   2:26   0:00 
Matt Moulson             0  0  0   0  0   1  2  0  1  0  0/0     8:18   0:00   0:00 
Michael Grabner          0  0  0   0  0   0  3  0  2  0  0/0    13:28   2:09   2:28 
Niklas Hjalmarsson       0  0  0  -1  4   1  0  2  0  4  0/0    19:01   2:09   0:00 
Pavel Datsyuk            0  0  0   0  0   3  2  0  2  0  8/15   19:09   1:54   0:23 
Ryan White               0  0  0   0  2   1  1  0  0  0  1/3     7:50   0:00   1:56 
Willie Mitchell          0  0  0   1  0   0  0  0  0  3  0/0    18:23   0:00   4:38 

3 Stars

1 - Derick Brassard (Van)
2 - Aaron Rome (Ari)
3 - Drayson Bowman (Ari)

Power Play

Coyotes - 2 on 7 Attempt(s) - 28.57%
Canucks - 1 on 3 Attempt(s) - 33.33%

Penalty Kill

Coyotes - 2 on 3 Attempt(s) - 66.67% - Score 0 goal in Penalty Kill
Canucks - 5 on 7 Attempt(s) - 71.43% - Score 0 goal in Penalty Kill

Team Stat

Coyotes - Hits : 18 - Faceoff Wins : 22 - Blocked Shots : 10 - Penalty Minutes : 6
Canucks - Hits : 23 - Faceoff Wins : 26 - Blocked Shots : 8 - Penalty Minutes : 14

Official

Referees : Unknown
Linesman : Unknown

Game Notes

Peter Budaj is injured at 16:35 of 1st period (Sore Left Knee)
Ben Bishop enters game at 16:35 of 1st period
Malcolm Subban is injured at 6:35 of 3rd period (Bruised Right Foot)
Mike McKenna enters game at 6:35 of 3rd period

Finance

Level 1 -- Attendance: 5969 (99.48%) -- Ticket Income $477,520
Level 2 -- Attendance: 4371 (87.42%) -- Ticket Income $231,663
Level 3 -- Attendance: 1863 (93.15%) -- Ticket Income $57,753
Level 4 -- Attendance: 3923 (98.08%) -- Ticket Income $66,691
Luxury Box -- Attendance: 998 (99.80%) -- Ticket Income $175,648
Game was played at the Rogers Place'
Total Attendance: 17124 (95.13%)
Total Ticket Income: $1,009,275
Other Income: $494,545
Total Income: $1,503,820

Coyotes

5 vs 5 Forward 
   Center                   Left Wing                Right Wing               Time % Phy DF OF 
 1 Mike Richards            Jaden Schwartz           Rich Peverley            35     1   2  2  
 2 Martin Erat              Eric Nystrom             David Jones              30     1   2  2  
 3 Elias Lindholm           Aaron Palushaj           Drayson Bowman           22     1   2  2  
 4 Stephen Weiss            Pierre-Marc Bouchard     Mike Richards            13     1   2  2  

5 vs 5 Defense 
   Defense                  Defense                                           Time % Phy DF OF 
 1 Tom Gilbert              T.J. Brennan                                      35     1   2  2  
 2 Michael Kostka           Aaron Rome                                        30     1   2  2  
 3 Mark Borowiecki          Matt Gilroy                                       22     1   2  2  
 4 Tom Gilbert              T.J. Brennan                                      13     1   2  2  

PowerPlay Forward 
   Center                   Left Wing                Right Wing               Time % Phy DF OF 
 1 Mike Richards            Jaden Schwartz           Rich Peverley            60     1   2  2  
 2 Martin Erat              Eric Nystrom             David Jones              40     1   2  2  

PowerPlay Defense
   Defense                  Defense                                           Time % Phy DF OF 
 1 Tom Gilbert              T.J. Brennan                                      60     1   2  2  
 2 Michael Kostka           Aaron Rome                                        40     1   2  2  

Penalty Kill 4 Players Forward 
   Center                   Wing                     Time % Phy DF OF 
 1 Mike Richards            Jaden Schwartz           60     1   2  2  
 2 Rich Peverley            Martin Erat              40     1   2  2  

Penalty Kill 4 Players Defense
   Defense                  Defense                  Time % Phy DF OF 
 1 Tom Gilbert              T.J. Brennan             60     1   2  2  
 2 Michael Kostka           Aaron Rome               40     1   2  2  

Penalty Kill - 3 Players Forward 
   Forward                                           Time % Phy DF OF 
 1 Mike Richards                                     60     1   2  2  
 2 Jaden Schwartz                                    40     1   2  2  

Penalty Kill - 3 Players Defense
   Defense                  Defense                  Time % Phy DF OF 
 1 Tom Gilbert              T.J. Brennan             60     1   2  2  
 2 Michael Kostka           Aaron Rome               40     1   2  2  

4 vs 4 Forward 
   Center                   Wing                     Time % Phy DF OF 
 1 Mike Richards            Jaden Schwartz           60     1   2  2  
 2 Rich Peverley            Martin Erat              40     1   2  2  

4 vs 4 Defense
   Defense                  Defense                  Time % Phy DF OF 
 1 Tom Gilbert              T.J. Brennan             60     1   2  2  
 2 Michael Kostka           Aaron Rome               40     1   2  2  

Last Minutes Offensive
   Center                   Left Wing                Right Wing               Defense                  Defense                  
   Mike Richards            Jaden Schwartz           Rich Peverley            Tom Gilbert              T.J. Brennan             

Last Minutes Defensive
   Center                   Left Wing                Right Wing               Defense                  Defense                  
   Mike Richards            Jaden Schwartz           Rich Peverley            Tom Gilbert              T.J. Brennan             

Goaltenders
Starting : Malcolm Subban           
Backup : Mike McKenna             

Extra Forwards
Normal : Elias Lindholm, Aaron Palushaj, Drayson Bowman - PP : Elias Lindholm, Aaron Palushaj - PK : Drayson Bowman
Extra Defensemen
Normal : Mark Borowiecki, Matt Gilroy, Michael Kostka - PP : Mark Borowiecki - PK : Matt Gilroy, Michael Kostka
Penalty Shots
Mike Richards, Jaden Schwartz, Rich Peverley, Martin Erat, Eric Nystrom

Canucks

5 vs 5 Forward 
   Center                   Left Wing                Right Wing               Time % Phy DF OF 
 1 Pavel Datsyuk            Clarke MacArthur         Joel Ward                40     1   2  2  
 2 Cody Hodgson             Derick Brassard          Mats Zuccarello          30     1   2  2  
 3 Boyd Gordon              Matt Moulson             Michael Grabner          20     1   2  2  
 4 Ryan White               Casey Cizikas            Brendan Gallagher        10     1   3  1  

5 vs 5 Defense 
   Defense                  Defense                                           Time % Phy DF OF 
 1 Andrei Markov            Niklas Hjalmarsson                                40     1   2  2  
 2 Christopher Tanev        Jared Cowen                                       35     1   2  2  
 3 Colby Robak              Willie Mitchell                                   20     1   2  2  
 4 Andrei Markov            Niklas Hjalmarsson                                5      1   2  2  

PowerPlay Forward 
   Center                   Left Wing                Right Wing               Time % Phy DF OF 
 1 Pavel Datsyuk            Clarke MacArthur         Joel Ward                60     0   1  4  
 2 Cody Hodgson             Derick Brassard          Mats Zuccarello          40     0   1  4  

PowerPlay Defense
   Defense                  Defense                                           Time % Phy DF OF 
 1 Andrei Markov            Jared Cowen                                       60     1   1  3  
 2 Michael Grabner          Niklas Hjalmarsson                                40     1   1  3  

Penalty Kill 4 Players Forward 
   Center                   Wing                     Time % Phy DF OF 
 1 Boyd Gordon              Casey Cizikas            60     1   3  1  
 2 Ryan White               Michael Grabner          40     1   3  1  

Penalty Kill 4 Players Defense
   Defense                  Defense                  Time % Phy DF OF 
 1 Andrei Markov            Jared Cowen              60     1   3  1  
 2 Christopher Tanev        Willie Mitchell          40     1   3  1  

Penalty Kill - 3 Players Forward 
   Forward                                           Time % Phy DF OF 
 1 Boyd Gordon                                       60     1   2  2  
 2 Ryan White                                        40     1   2  2  

Penalty Kill - 3 Players Defense
   Defense                  Defense                  Time % Phy DF OF 
 1 Andrei Markov            Jared Cowen              60     1   2  2  
 2 Christopher Tanev        Willie Mitchell          40     1   2  2  

4 vs 4 Forward 
   Center                   Wing                     Time % Phy DF OF 
 1 Pavel Datsyuk            Mats Zuccarello          60     1   2  2  
 2 Derick Brassard          Clarke MacArthur         40     1   2  2  

4 vs 4 Defense
   Defense                  Defense                  Time % Phy DF OF 
 1 Andrei Markov            Jared Cowen              60     1   2  2  
 2 Christopher Tanev        Niklas Hjalmarsson       40     1   2  2  

Last Minutes Offensive
   Center                   Left Wing                Right Wing               Defense                  Defense                  
   Pavel Datsyuk            Derick Brassard          Mats Zuccarello          Andrei Markov            Niklas Hjalmarsson       

Last Minutes Defensive
   Center                   Left Wing                Right Wing               Defense                  Defense                  
   Boyd Gordon              Casey Cizikas            Joel Ward                Christopher Tanev        Willie Mitchell          

Goaltenders
Starting : Peter Budaj              
Backup : Ben Bishop               

Extra Forwards
Normal : Cody Hodgson, Brendan Gallagher, Mats Zuccarello - PP : Cody Hodgson, Brendan Gallagher - PK : Joel Ward
Extra Defensemen
Normal : Colby Robak, Christopher Tanev, Jared Cowen - PP : Niklas Hjalmarsson - PK : Christopher Tanev, Willie Mitchell
Penalty Shots
Mats Zuccarello, Pavel Datsyuk, Derick Brassard, Joel Ward, Cody Hodgson

% Time on Ice - Coyotes

Lines # - Real PCT - Wanted PCT - Time Play
Normal Forward
1 - 23% - 35% - 9:56
2 - 26% - 30% - 11:35
3 - 35% - 22% - 15:10
4 - 16% - 13% - 7:12
Normal Defense
1 - 33% - 35% - 14:34
2 - 33% - 30% - 14:33
3 - 32% - 22% - 14:00
4 - 2% - 13% - 0:46
PP Forward
1 - 48% - 60% - 5:36
2 - 52% - 40% - 6:11
PP Defense
1 - 63% - 60% - 7:27
2 - 37% - 40% - 4:20
PK Forward
1 - 83% - 60% - 3:36
2 - 17% - 40% - 0:44
PK Defense
1 - 69% - 60% - 3:00
2 - 31% - 40% - 1:20
PK3 Forward
1 - 0% - 60%
2 - 0% - 40%
PK3 Defense
1 - 0% - 60%
2 - 0% - 40%
44 Forward
1 - 0% - 60%
2 - 0% - 40%
44 Defense
1 - 0% - 60%
2 - 0% - 40%
Last Minute Offensive  - 0:00
Last Minute Defensive  - 0:00
Total
Forward - 60:00
Defense - 60:00

% Time on Ice - Canucks

Lines # - Real PCT - Wanted PCT - Time Play
Normal Forward
1 - 39% - 40% - 16:54
2 - 29% - 30% - 12:34
3 - 19% - 20% - 8:18
4 - 13% - 10% - 5:37
Normal Defense
1 - 38% - 40% - 16:25
2 - 31% - 35% - 13:25
3 - 31% - 20% - 13:28
4 - 0% - 5% - 0:05
PP Forward
1 - 44% - 60% - 1:54
2 - 56% - 40% - 2:26
PP Defense
1 - 50% - 60% - 2:11
2 - 50% - 40% - 2:09
PK Forward
1 - 79% - 60% - 9:18
2 - 21% - 40% - 2:29
PK Defense
1 - 61% - 60% - 7:08
2 - 39% - 40% - 4:39
PK3 Forward
1 - 0% - 60%
2 - 0% - 40%
PK3 Defense
1 - 0% - 60%
2 - 0% - 40%
44 Forward
1 - 0% - 60%
2 - 0% - 40%
44 Defense
1 - 0% - 60%
2 - 0% - 40%
Last Minute Offensive  - 0:30
Last Minute Defensive  - 0:00
Total
Forward - 60:00
Defense - 60:00

Play by Play

1st period


0:01 of 1st period - Pavel Datsyuk wins face-off versus Mike Richards in neutral zone.
0:20 of 1st period - Snap shot by Clarke MacArthur.
0:20 of 1st period - Deflect By Pavel Datsyuk.
0:20 of 1st period - Stopped by Malcolm Subban with a rebound.
0:22 of 1st period - Slapshot by Niklas Hjalmarsson.
0:22 of 1st period - Stopped by Malcolm Subban with a rebound.
0:24 of 1st period - Slapshot by Niklas Hjalmarsson.
0:24 of 1st period - Shot Blocked by Tom Gilbert.
0:26 of 1st period - Slapshot by Andrei Markov.
0:26 of 1st period - Stopped by Malcolm Subban with a rebound.
0:28 of 1st period - Slapshot by Andrei Markov.
0:28 of 1st period - Shot Misses the Net.
0:30 of 1st period - Wrist shot by Pavel Datsyuk.
0:30 of 1st period - Shot Misses the Net.
0:32 of 1st period - Slapshot by Andrei Markov.
0:32 of 1st period - Shot Blocked by Rich Peverley.
0:34 of 1st period - Wrist shot by Clarke MacArthur.
0:34 of 1st period - Shot Hit the Post.
0:36 of 1st period - Wrist shot by Joel Ward.
0:36 of 1st period - Stopped by Malcolm Subban without a rebound.
0:37 of 1st period - Martin Erat wins face-off versus Cody Hodgson in Coyotes zone.
1:30 of 1st period - Aaron Rome is hit by Matt Moulson and loses puck.
1:43 of 1st period - Willie Mitchell is hit by Drayson Bowman and loses puck.
2:38 of 1st period - Snap shot by Pierre-Marc Bouchard.
2:38 of 1st period - Stopped by Peter Budaj with a rebound.
2:40 of 1st period - Wrist shot by Mike Richards.
2:40 of 1st period - Deflect By Pierre-Marc Bouchard.
2:40 of 1st period - Shot Misses the Net.
2:40 of 1st period - Puck is out of play.
2:41 of 1st period - Mike Richards wins face-off versus Ryan White in Canucks zone.
2:42 of 1st period - Wrist shot by Jaden Schwartz.
2:42 of 1st period - Shot Misses the Net.
2:46 of 1st period - Snap shot by Mike Richards.
2:46 of 1st period - Stopped by Peter Budaj with a rebound.
2:48 of 1st period - Slapshot by Tom Gilbert.
2:48 of 1st period - Stopped by Peter Budaj with a rebound.
2:50 of 1st period - Wrist shot by Rich Peverley.
2:50 of 1st period - Stopped by Peter Budaj with a rebound.
2:52 of 1st period - Slapshot by T.J. Brennan.
2:52 of 1st period - Stopped by Peter Budaj with a rebound.
2:54 of 1st period - Slapshot by T.J. Brennan.
2:54 of 1st period - Deflect By Ryan White.
2:54 of 1st period - Stopped by Peter Budaj with a rebound.
2:56 of 1st period - Snap shot by T.J. Brennan.
2:56 of 1st period - Stopped by Peter Budaj with a rebound.
2:58 of 1st period - Wrist shot by Jaden Schwartz.
2:58 of 1st period - Shot Blocked by Niklas Hjalmarsson.
3:00 of 1st period - Wrist shot by Rich Peverley.
3:00 of 1st period - Shot Misses the Net.
3:02 of 1st period - Snap shot by T.J. Brennan.
3:02 of 1st period - Shot Misses the Net.
3:24 of 1st period - Snap shot by Martin Erat.
3:24 of 1st period - Stopped by Peter Budaj with a rebound.
3:26 of 1st period - Slapshot by Tom Gilbert.
3:26 of 1st period - Deflect By Martin Erat.
3:26 of 1st period - Shot Blocked by Casey Cizikas.
3:26 of 1st period - Puck is out of play.
3:27 of 1st period - Cody Hodgson wins face-off versus Martin Erat in Canucks zone.
3:40 of 1st period - Snap shot by David Jones.
3:40 of 1st period - Stopped by Peter Budaj with a rebound.
3:42 of 1st period - Wrist shot by David Jones.
3:42 of 1st period - Shot Misses the Net.
4:18 of 1st period - Christopher Tanev is hit by Aaron Palushaj and loses puck.
4:41 of 1st period - Slapshot by Clarke MacArthur.
4:41 of 1st period - Stopped by Malcolm Subban with a rebound.
4:43 of 1st period - Slapshot by Colby Robak.
4:43 of 1st period - Shot Misses the Net.
4:45 of 1st period - Slapshot by Joel Ward.
4:45 of 1st period - Shot Misses the Net.
4:51 of 1st period - Minor Penalty to Mark Borowiecki for Tripping.
4:52 of 1st period - Cody Hodgson wins face-off versus Mike Richards in Coyotes zone.
5:59 of 1st period - Michael Grabner is hit by T.J. Brennan and loses puck.
6:24 of 1st period - Icing by Andrei Markov.
6:25 of 1st period - Mike Richards wins face-off versus Clarke MacArthur in Canucks zone.
6:51 of 1st period - Penalty to Mark Borowiecki is over, Mark Borowiecki is back on ice.
8:01 of 1st period - Snap shot by Matt Moulson.
8:01 of 1st period - Stopped by Malcolm Subban without a rebound.
8:02 of 1st period - Pavel Datsyuk wins face-off versus Eric Nystrom in Coyotes zone.
8:07 of 1st period - Wrist shot by Clarke MacArthur.
8:07 of 1st period - Stopped by Malcolm Subban without a rebound.
8:08 of 1st period - Elias Lindholm wins face-off versus Pavel Datsyuk in Coyotes zone.
8:08 of 1st period - Elias Lindholm is hit by Joel Ward.
8:18 of 1st period - Snap shot by Elias Lindholm.
8:18 of 1st period - Stopped by Peter Budaj with a rebound.
8:20 of 1st period - Snap shot by Aaron Palushaj.
8:20 of 1st period - Shot Misses the Net.
8:30 of 1st period - Niklas Hjalmarsson is hit by Aaron Palushaj and loses puck.
8:52 of 1st period - Minor Penalty to Niklas Hjalmarsson for Hooking.
8:53 of 1st period - Casey Cizikas wins face-off versus Martin Erat in Canucks zone.
9:23 of 1st period - Snap shot by Martin Erat.
9:23 of 1st period - Deflect By David Jones.
9:23 of 1st period - Shot Misses the Net.
9:23 of 1st period - Puck is out of play.
9:24 of 1st period - Boyd Gordon wins face-off versus Mike Richards in Canucks zone.
10:19 of 1st period - Jaden Schwartz is hit by Michael Grabner and loses puck.
10:52 of 1st period - Penalty to Niklas Hjalmarsson is over, Niklas Hjalmarsson is back on ice.
11:04 of 1st period - Wrist shot by Andrei Markov.
11:04 of 1st period - Deflect By Michael Grabner.
11:04 of 1st period - Shot Blocked by Aaron Palushaj.
11:04 of 1st period - Puck is out of play.
11:05 of 1st period - Pavel Datsyuk wins face-off versus Elias Lindholm in Coyotes zone.
11:22 of 1st period - Wrist shot by Elias Lindholm.
11:22 of 1st period - Stopped by Peter Budaj without a rebound.
11:23 of 1st period - Elias Lindholm wins face-off versus Pavel Datsyuk in Canucks zone.
11:38 of 1st period - Snap shot by Drayson Bowman.
11:38 of 1st period - Shot Blocked by Andrei Markov.
11:42 of 1st period - Wrist shot by Aaron Palushaj.
11:42 of 1st period - Shot Misses the Net.
11:44 of 1st period - Slapshot by Tom Gilbert.
11:44 of 1st period - Deflect By Andrei Markov.
11:44 of 1st period - Stopped by Peter Budaj with a rebound.
11:46 of 1st period - Slapshot by Tom Gilbert.
11:46 of 1st period - Shot Blocked by Niklas Hjalmarsson.
11:48 of 1st period - Wrist shot by Drayson Bowman.
11:48 of 1st period - Goal by Drayson Bowman - Coyotes : 1 - Canucks : 0.
11:49 of 1st period - Martin Erat wins face-off versus Cody Hodgson in neutral zone.
11:59 of 1st period - T.J. Brennan is hit by Jared Cowen and loses puck.
12:06 of 1st period - Wrist shot by Mats Zuccarello.
12:06 of 1st period - Stopped by Malcolm Subban with a rebound.
12:08 of 1st period - Wrist shot by Christopher Tanev.
12:08 of 1st period - Deflect By Derick Brassard.
12:08 of 1st period - Stopped by Malcolm Subban with a rebound.
12:10 of 1st period - Slapshot by Jared Cowen.
12:10 of 1st period - Stopped by Malcolm Subban without a rebound.
12:11 of 1st period - Clarke MacArthur wins face-off versus Mike Richards in Coyotes zone.
12:12 of 1st period - Slapshot by Pavel Datsyuk.
12:12 of 1st period - Shot Blocked by Aaron Rome.
12:58 of 1st period - Mike Richards is hit by Derick Brassard and loses puck.
13:05 of 1st period - Slapshot by Derick Brassard.
13:05 of 1st period - Shot Misses the Net.
13:09 of 1st period - Snap shot by Cody Hodgson.
13:09 of 1st period - Shot Misses the Net.
13:11 of 1st period - Snap shot by Jared Cowen.
13:11 of 1st period - Shot Blocked by Rich Peverley.
13:44 of 1st period - Michael Grabner is hit by Eric Nystrom.
14:50 of 1st period - Tom Gilbert is hit by Colby Robak and loses puck.
15:00 of 1st period - Minor Penalty to Ryan White for Holding Stick.
15:01 of 1st period - Boyd Gordon wins face-off versus Martin Erat in Canucks zone.
16:35 of 1st period - Wrist shot by Rich Peverley.
16:35 of 1st period - Stopped by Peter Budaj with a rebound.
16:35 of 1st period - Peter Budaj from Canucks is injured at 16:35 of 1st period (Sore Left Knee).
16:35 of 1st period - Ben Bishop enters game.
16:36 of 1st period - Mike Richards wins face-off versus Boyd Gordon in Canucks zone.
16:59 of 1st period - Slapshot by Andrei Markov.
16:59 of 1st period - Stopped by Malcolm Subban with a rebound.
17:00 of 1st period - Penalty to Ryan White is over, Ryan White is back on ice.
17:01 of 1st period - Slapshot by Ryan White.
17:01 of 1st period - Shot Misses the Net.
17:03 of 1st period - Slapshot by Andrei Markov.
17:03 of 1st period - Shot Blocked by Tom Gilbert.
17:05 of 1st period - Wrist shot by Casey Cizikas.
17:05 of 1st period - Deflect By Boyd Gordon.
17:05 of 1st period - Shot Misses the Net.
17:05 of 1st period - Puck is out of play.
17:06 of 1st period - Pavel Datsyuk wins face-off versus Martin Erat in Coyotes zone.
17:15 of 1st period - Backhand shot by Clarke MacArthur.
17:15 of 1st period - Shot Misses the Net.
17:17 of 1st period - Slapshot by Christopher Tanev.
17:17 of 1st period - Deflect By Pavel Datsyuk.
17:17 of 1st period - Shot Blocked by David Jones.
17:17 of 1st period - Puck is out of play.
17:18 of 1st period - David Jones wins face-off versus Pavel Datsyuk in Coyotes zone.
17:32 of 1st period - Snap shot by Clarke MacArthur.
17:32 of 1st period - Stopped by Malcolm Subban without a rebound.
17:33 of 1st period - Cody Hodgson wins face-off versus Mike Richards in Coyotes zone.
17:36 of 1st period - Wrist shot by Mats Zuccarello.
17:36 of 1st period - Stopped by Malcolm Subban without a rebound.
17:37 of 1st period - Mike Richards wins face-off versus Cody Hodgson in Coyotes zone.
17:37 of 1st period - Mike Richards is hit by Cody Hodgson.
17:45 of 1st period - Snap shot by Jaden Schwartz.
17:45 of 1st period - Stopped by Ben Bishop with a rebound.
17:47 of 1st period - Slapshot by Tom Gilbert.
17:47 of 1st period - Shot Blocked by Andrei Markov.
17:51 of 1st period - Snap shot by Jaden Schwartz.
17:51 of 1st period - Shot Misses the Net.
18:01 of 1st period - Snap shot by Rich Peverley.
18:01 of 1st period - Shot Misses the Net.
18:03 of 1st period - Slapshot by Tom Gilbert.
18:03 of 1st period - Deflect By Niklas Hjalmarsson.
18:03 of 1st period - Stopped by Ben Bishop without a rebound.
18:04 of 1st period - Pavel Datsyuk wins face-off versus David Jones in Canucks zone.
18:23 of 1st period - Snap shot by Clarke MacArthur.
18:23 of 1st period - Stopped by Malcolm Subban with a rebound.
18:51 of 1st period - Aaron Rome is hit by Clarke MacArthur and loses puck.
19:08 of 1st period - Niklas Hjalmarsson is hit by Mike Richards and loses puck.
19:49 of 1st period - Wrist shot by Elias Lindholm.
19:49 of 1st period - Stopped by Ben Bishop without a rebound.
19:50 of 1st period - Boyd Gordon wins face-off versus Elias Lindholm in Canucks zone.
Goals for this period are 1 for Coyotes vs 0 for Canucks.
Shots for this period are 17 for Coyotes vs 14 for Canucks.

2nd period


0:01 of 2nd period - Rich Peverley wins face-off versus Pavel Datsyuk in neutral zone.
0:04 of 2nd period - Snap shot by Mike Richards.
0:04 of 2nd period - Shot Blocked by Andrei Markov.
0:06 of 2nd period - Wrist shot by Jaden Schwartz.
0:06 of 2nd period - Shot Misses the Net.
0:08 of 2nd period - Slapshot by T.J. Brennan.
0:08 of 2nd period - Stopped by Ben Bishop without a rebound.
0:09 of 2nd period - Mike Richards wins face-off versus Pavel Datsyuk in Canucks zone.
0:46 of 2nd period - Wrist shot by Mike Richards.
0:46 of 2nd period - Deflect By Rich Peverley.
0:46 of 2nd period - Stopped by Ben Bishop with a rebound.
0:52 of 2nd period - Minor Penalty to Niklas Hjalmarsson for Goalie Interference.
0:53 of 2nd period - Boyd Gordon wins face-off versus Martin Erat in Canucks zone.
1:08 of 2nd period - Slapshot by Andrei Markov.
1:08 of 2nd period - Deflect By Aaron Rome.
1:08 of 2nd period - Stopped by Malcolm Subban with a rebound.
1:10 of 2nd period - Wrist shot by Boyd Gordon.
1:10 of 2nd period - Shot Misses the Net.
1:50 of 2nd period - Ryan White is hit by Aaron Rome and loses puck.
2:11 of 2nd period - Martin Erat is hit by Andrei Markov and loses puck.
2:52 of 2nd period - Penalty to Niklas Hjalmarsson is over, Niklas Hjalmarsson is back on ice.
3:19 of 2nd period - Snap shot by Derick Brassard.
3:19 of 2nd period - Stopped by Malcolm Subban with a rebound.
3:31 of 2nd period - Snap shot by Cody Hodgson.
3:31 of 2nd period - Stopped by Malcolm Subban without a rebound.
3:32 of 2nd period - Pavel Datsyuk wins face-off versus Drayson Bowman in Coyotes zone.
3:57 of 2nd period - Snap shot by Pavel Datsyuk.
3:57 of 2nd period - Stopped by Malcolm Subban without a rebound.
3:58 of 2nd period - Cody Hodgson wins face-off versus Stephen Weiss in Coyotes zone.
4:02 of 2nd period - Slapshot by Jared Cowen.
4:02 of 2nd period - Shot Misses the Net.
4:15 of 2nd period - Wrist shot by Stephen Weiss.
4:15 of 2nd period - Stopped by Ben Bishop without a rebound.
4:16 of 2nd period - Derick Brassard wins face-off versus Stephen Weiss in Canucks zone.
4:29 of 2nd period - Stephen Weiss is hit by Derick Brassard and loses puck.
5:04 of 2nd period - Snap shot by Pavel Datsyuk.
5:04 of 2nd period - Shot Misses the Net.
5:06 of 2nd period - Snap shot by Joel Ward.
5:06 of 2nd period - Stopped by Malcolm Subban with a rebound.
5:08 of 2nd period - Slapshot by Colby Robak.
5:08 of 2nd period - Deflect By Clarke MacArthur.
5:08 of 2nd period - Goal by Clarke MacArthur - Coyotes : 1 - Canucks : 1.
5:09 of 2nd period - Boyd Gordon wins face-off versus Elias Lindholm in neutral zone.
5:18 of 2nd period - Drayson Bowman is hit by Michael Grabner and loses puck.
6:21 of 2nd period - Backhand shot by Pavel Datsyuk.
6:21 of 2nd period - Shot Blocked by Matt Gilroy.
6:29 of 2nd period - Wrist shot by Clarke MacArthur.
6:29 of 2nd period - Stopped by Malcolm Subban with a rebound.
6:31 of 2nd period - Slapshot by Colby Robak.
6:31 of 2nd period - Stopped by Malcolm Subban without a rebound.
6:32 of 2nd period - David Jones wins face-off versus Cody Hodgson in Coyotes zone.
7:17 of 2nd period - Slapshot by Jaden Schwartz.
7:17 of 2nd period - Shot Blocked by Christopher Tanev.
7:19 of 2nd period - Snap shot by Rich Peverley.
7:19 of 2nd period - Shot Blocked by Mats Zuccarello.
7:29 of 2nd period - Wrist shot by Rich Peverley.
7:29 of 2nd period - Stopped by Ben Bishop with a rebound.
9:30 of 2nd period - Snap shot by Brendan Gallagher.
9:30 of 2nd period - Stopped by Malcolm Subban without a rebound.
9:31 of 2nd period - Martin Erat wins face-off versus Ryan White in Coyotes zone.
9:31 of 2nd period - Martin Erat is hit by Casey Cizikas.
10:07 of 2nd period - Niklas Hjalmarsson is hit by Eric Nystrom and loses puck.
10:47 of 2nd period - Michael Grabner is hit by Aaron Palushaj and loses puck.
11:08 of 2nd period - Slapshot by Pavel Datsyuk.
11:08 of 2nd period - Shot Misses the Net.
11:10 of 2nd period - Wrist shot by Joel Ward.
11:10 of 2nd period - Stopped by Malcolm Subban without a rebound.
11:11 of 2nd period - Pavel Datsyuk wins face-off versus Martin Erat in Coyotes zone.
11:53 of 2nd period - Christopher Tanev is hit by Elias Lindholm.
12:54 of 2nd period - Snap shot by Jaden Schwartz.
12:54 of 2nd period - Stopped by Ben Bishop with a rebound.
12:56 of 2nd period - Wrist shot by Rich Peverley.
12:56 of 2nd period - Stopped by Ben Bishop with a rebound.
12:58 of 2nd period - Slapshot by Tom Gilbert.
12:58 of 2nd period - Stopped by Ben Bishop with a rebound.
13:04 of 2nd period - Minor Penalty to Cody Hodgson for Hooking.
13:05 of 2nd period - Boyd Gordon wins face-off versus Martin Erat in Canucks zone.
13:17 of 2nd period - Wrist shot by David Jones.
13:17 of 2nd period - Stopped by Ben Bishop with a rebound.
14:36 of 2nd period - Willie Mitchell is hit by Elias Lindholm and loses puck.
14:49 of 2nd period - Casey Cizikas is hit by David Jones and loses puck.
15:04 of 2nd period - Penalty to Cody Hodgson is over, Cody Hodgson is back on ice.
16:50 of 2nd period - Aaron Palushaj is hit by Colby Robak and loses puck.
17:03 of 2nd period - Matt Gilroy is hit by Michael Grabner and loses puck.
17:49 of 2nd period - Eric Nystrom is hit by Derick Brassard and loses puck.
18:14 of 2nd period - Snap shot by Rich Peverley.
18:14 of 2nd period - Stopped by Ben Bishop without a rebound.
18:15 of 2nd period - Ryan White wins face-off versus Markus Granlund in Canucks zone.
18:28 of 2nd period - Colby Robak is hit by Tom Gilbert and loses puck.
18:45 of 2nd period - Wrist shot by Rich Peverley.
18:45 of 2nd period - Stopped by Ben Bishop with a rebound.
19:19 of 2nd period - Minor Penalty to Boyd Gordon for Holding.
19:20 of 2nd period - Martin Erat wins face-off versus Joel Ward in Canucks zone.
19:21 of 2nd period - Snap shot by David Jones.
19:21 of 2nd period - Stopped by Ben Bishop with a rebound.
19:23 of 2nd period - Slapshot by Aaron Rome.
19:23 of 2nd period - Deflect By Joel Ward.
19:23 of 2nd period - Goal by Aaron Rome - Coyotes : 2 - Canucks : 1.
19:24 of 2nd period - Cody Hodgson wins face-off versus Martin Erat in neutral zone.
19:42 of 2nd period - Minor Penalty to Cody Hodgson for Cross-checking.
19:43 of 2nd period - Boyd Gordon wins face-off versus David Jones in Canucks zone.
Goals for this period are 1 for Coyotes vs 1 for Canucks.
Shots for this period are 12 for Coyotes vs 10 for Canucks.

3rd period


0:01 of 3rd period - Mike Richards wins face-off versus Boyd Gordon in neutral zone.
0:36 of 3rd period - Wrist shot by Jaden Schwartz.
0:36 of 3rd period - Stopped by Ben Bishop without a rebound.
0:37 of 3rd period - Martin Erat wins face-off versus Boyd Gordon in Canucks zone.
0:42 of 3rd period - Wrist shot by David Jones.
0:42 of 3rd period - Shot Misses the Net.
1:34 of 3rd period - Jaden Schwartz is hit by Boyd Gordon.
1:42 of 3rd period - Penalty to Cody Hodgson is over, Cody Hodgson is back on ice.
1:50 of 3rd period - Wrist shot by Pavel Datsyuk.
1:50 of 3rd period - Deflect By Tom Gilbert.
1:50 of 3rd period - Stopped by Malcolm Subban without a rebound.
1:51 of 3rd period - Elias Lindholm wins face-off versus Pavel Datsyuk in Coyotes zone.
2:46 of 3rd period - Martin Erat is hit by Derick Brassard and loses puck.
3:49 of 3rd period - Willie Mitchell is hit by Stephen Weiss and loses puck.
4:16 of 3rd period - Slapshot by Jaden Schwartz.
4:16 of 3rd period - Stopped by Ben Bishop without a rebound.
4:17 of 3rd period - Pavel Datsyuk wins face-off versus Mike Richards in Canucks zone.
5:04 of 3rd period - Jared Cowen is hit by Aaron Palushaj and loses puck.
5:29 of 3rd period - Snap shot by Derick Brassard.
5:29 of 3rd period - Stopped by Malcolm Subban with a rebound.
6:33 of 3rd period - Snap shot by Brendan Gallagher.
6:33 of 3rd period - Shot Blocked by Drayson Bowman.
6:35 of 3rd period - Wrist shot by Ryan White.
6:35 of 3rd period - Stopped by Malcolm Subban without a rebound.
6:35 of 3rd period - Malcolm Subban from Coyotes is injured at 6:35 of 3rd period (Bruised Right Foot).
6:35 of 3rd period - Mike McKenna enters game.
6:36 of 3rd period - Clarke MacArthur wins face-off versus Mike Richards in Coyotes zone.
8:51 of 3rd period - Wrist shot by Derick Brassard.
8:51 of 3rd period - Shot Blocked by Michael Kostka.
9:09 of 3rd period - Minor Penalty to Boyd Gordon for Hooking.
9:10 of 3rd period - Mike Richards wins face-off versus Derick Brassard in Canucks zone.
9:13 of 3rd period - Snap shot by Rich Peverley.
9:13 of 3rd period - Shot Misses the Net.
9:15 of 3rd period - Slapshot by Tom Gilbert.
9:15 of 3rd period - Stopped by Ben Bishop with a rebound.
9:27 of 3rd period - Snap shot by Rich Peverley.
9:27 of 3rd period - Shot Misses the Net.
9:29 of 3rd period - Slapshot by Tom Gilbert.
9:29 of 3rd period - Shot Misses the Net.
10:03 of 3rd period - Willie Mitchell is hit by Eric Nystrom and loses puck.
10:16 of 3rd period - Willie Mitchell is hit by Eric Nystrom and loses puck.
10:23 of 3rd period - Tom Gilbert is hit by Pavel Datsyuk and loses puck.
10:57 of 3rd period - Snap shot by Jaden Schwartz.
10:57 of 3rd period - Goal by Jaden Schwartz - Coyotes : 3 - Canucks : 1.
10:58 of 3rd period - Elias Lindholm wins face-off versus Boyd Gordon in neutral zone.
11:03 of 3rd period - Elias Lindholm is hit by Matt Moulson and loses puck.
12:13 of 3rd period - Slapshot by Stephen Weiss.
12:13 of 3rd period - Stopped by Ben Bishop with a rebound.
12:35 of 3rd period - Icing by Willie Mitchell.
12:36 of 3rd period - Martin Erat wins face-off versus Derick Brassard in Canucks zone.
12:51 of 3rd period - Snap shot by David Jones.
12:51 of 3rd period - Stopped by Ben Bishop with a rebound.
13:29 of 3rd period - Colby Robak is hit by T.J. Brennan and loses puck.
14:23 of 3rd period - Wrist shot by Michael Grabner.
14:23 of 3rd period - Shot Misses the Net.
14:41 of 3rd period - Aaron Rome is hit by Ryan White and loses puck.
16:28 of 3rd period - Wrist shot by Brendan Gallagher.
16:28 of 3rd period - Shot Misses the Net.
17:04 of 3rd period - Double Minor Penalty to T.J. Brennan for Slashing.
17:05 of 3rd period - Cody Hodgson wins face-off versus Jaden Schwartz in Coyotes zone.
17:24 of 3rd period - Snap shot by Derick Brassard.
17:24 of 3rd period - Shot Misses the Net.
17:26 of 3rd period - Slapshot by Jared Cowen.
17:26 of 3rd period - Deflect By Mike Richards.
17:26 of 3rd period - Goal by Jared Cowen - Coyotes : 3 - Canucks : 2.
17:27 of 3rd period - Mike Richards wins face-off versus Pavel Datsyuk in neutral zone.
17:50 of 3rd period - Snap shot by Clarke MacArthur.
17:50 of 3rd period - Stopped by Mike McKenna without a rebound.
17:51 of 3rd period - Mike Richards wins face-off versus Cody Hodgson in Coyotes zone.
17:51 of 3rd period - Mike Richards is hit by Derick Brassard.
19:03 of 3rd period - Tom Gilbert is hit by Pavel Datsyuk and loses puck.
19:14 of 3rd period - Matt Gilroy is hit by Derick Brassard.
19:16 of 3rd period - Canucks, Ben Bishop is pulled from the net.
19:26 of 3rd period - Penalty to T.J. Brennan is over, T.J. Brennan is back on ice.
Goals for this period are 1 for Coyotes vs 1 for Canucks.
Shots for this period are 6 for Coyotes vs 5 for Canucks.


Output by the SimonT Hockey Simulator (STHS) for Eric Dolegowski -- Original Page W3C XHTML 1.0 Valid
Hockey Simulator - Hockey Simulation - Hockey Manager